 Dungeon Crawl Stone Soup version 0.24-a0-500-g46574c2197 (webtiles) character file.

Game seed: 11367758653353172648

2681 KristoblXynda the Carver (level 9, -5/67 HPs)
             Began as a Red Draconian Skald on July 15, 2019.
             Was an Initiate of Ashenzari.
             Killed from afar by an orc wizard (9 damage)
             ... with a magic dart
             ... on level 7 of the Dungeon.
             The game lasted 00:25:55 (7837 turns).

KristoblXynda the Carver (Red Draconian Skald)      Turns: 7837, Time: 00:25:55

Health: -5/67      AC: 10    Str: 14    XL:     9   Next: 37%
Magic:  18/21      EV: 18    Int: 17    God:    Ashenzari [......]
Gold:   334        SH:  0    Dex: 10    Spells: 6/12 levels left

rFire    + . .     SeeInvis .   h - +0 scimitar
rCold    . . .     Gourm    .   g - +0 buckler
rNeg     . . .     Faith    .   (armour unavailable)
rPois    .         Spirit   .   x - +1 hat
rElec    .         Reflect  .   (no cloak)
rCorr    .         Harm     .   w - +1 pair of gloves (curse)
MR       .....                  (no boots)
Stlth    +.........             (no amulet)
HPRegen  1.21/turn              f - ring of magical power
MPRegen  0.17/turn              p - +4 ring of evasion

@: confused, very slightly contaminated, regenerating (expiring)
A: breathe fire, unfitting armour, fire resistance 1, cold-blooded, AC +7
a: Breathe Fire, Curse Item, Renounce Religion


You were on level 7 of the Dungeon.
You worshipped Ashenzari.
Ashenzari was noncommittal.
You were not hungry.

You visited 2 branches of the dungeon, and saw 8 of its levels.
You also visited: Sewer.

You collected 334 gold pieces.

Inventory:

Hand Weapons
 h - a +0 scimitar (weapon)
 C - a cursed +0 scimitar
Armour
 g - a +0 buckler (worn)
 w - a cursed +1 pair of gloves (worn)
 x - a +1 hat (worn)
Jewellery
 f - a ring of magical power (left hand)
 m - a +2 ring of intelligence
 p - a +4 ring of evasion (right hand)
 s - an uncursed ring of ice
Wands
 b - a wand of iceblast (7)
Scrolls
 k - 3 scrolls of enchant armour
 n - a scroll of enchant weapon
 o - 3 scrolls of magic mapping
 q - 2 scrolls of teleportation
 t - a scroll of fog
 y - a scroll of remove curse
Potions
 a - 2 potions of flight {unknown}
 d - a potion of magic
 e - a potion of lignification
 i - a potion of mutation {unknown}
 j - a potion of haste
 l - 2 potions of brilliance
 v - 2 potions of resistance
 z - 3 potions of heal wounds
 B - a potion of agility
Comestibles
 c - 8 rations


   Skills:
 - Level 2.1 Fighting
 * Level 9.3 Long Blades
 + Level 6.2 Dodging
 + Level 4.1 Shields
 - Level 2.0 Spellcasting
 - Level 5.0 Charms


You had 6 spell levels left.
You knew the following spells:

 Your Spells              Type           Power        Failure   Level  Hunger
a - Spectral Weapon       Hex/Chrm       ##......     21%         3    ###....
b - Regeneration          Chrm/Necr      ##........   21%         3    ###....

Your spell library contained the following spells:

 Spells                   Type           Power        Failure   Level  Hunger
 Infusion                 Chrm           ###.         2%          1    #......
 Song of Slaying          Chrm           ###.....     3%          2    ###....
 Shroud of Golubria       Chrm/Tloc      ##....       11%         2    ###....
 Corona                   Hex            #......      19%         1    #......
 Poisonous Vapours        Pois/Air       #.....       28%         2    ###....
 Slow                     Hex            #.......     28%         2    ###....
 Conjure Flame            Conj/Fire      #.......     50%         3    ###....
 Inner Flame              Hex/Fire       #.......     50%         3    ###....
 Mephitic Cloud           Conj/Pois/Air  #.......     50%         3    ###....
 Portal Projectile        Hex/Tloc       #.....       50%         3    ###....
 Cause Fear               Hex            #.........   88%         4    #####..
 Leda's Liquefaction      Hex/Erth       #.........   88%         4    #####..
 Freezing Cloud           Conj/Ice/Air   #.........   100%        6    #######
 Ring of Flames           Chrm/Fire      ##........   100%        7    #######


Dungeon Overview and Level Annotations

Branches:
Dungeon (7/15)             Temple (1/1) D:6

Altars:
Ashenzari
Dithmenos
Elyvilon
Gozag
Hepliaklqana
Kikubaaqudgha
Nemelex Xobeh
Okawaru
Ru
Sif Muna
Trog
Uskayaw
Vehumet
Wu Jian
Xom
The Shining One

Shops:
D:6 ?

Annotations:
D:3 2 transporters, akello96's ghost, weakling TrMo


Innate Abilities, Weirdness & Mutations

You can breathe blasts of fire.
Your fiery red scales are hard. (AC +7)
You cannot fit into any form of body armour.
Your flesh is heat resistant. (rF+)
You are cold-blooded and may be slowed by cold attacks.


Message History

Aim: a gnoll, wielding a +1 halberd of venom The mass of ice explodes!
The iceblast engulfs the gnoll!
You kill the gnoll!
The iceblast engulfs the orc warrior.
You kill the orc warrior!
Unknown command.
Casting: Regeneration (safe; 21% risk of failure)
Confirm with . or Enter, or press ? or * to list all spells.
Your skin crawls.
You have got your breath back.
You are confused.
Unknown command.
Okay, then.
A magic dart appears from out of thin air!
The magic dart hits you.
* * * LOW HITPOINT WARNING * * *
Your skin is crawling a little less now.
A magic dart appears from out of thin air!
The magic dart hits you!
You die...

.### #.# #g#####
##{#...###
##..)......
##.......###
#.......##
######.......#
#####............#
......####......@#
### #.#...#.#
#.###.#.# #.#
#.#.# ###.# #.#.#
#...# #.#.# #
#.### #)#.. ##
#.##.## #.### .##
#.#...####.#


You could see a gnoll.

Vanquished Creatures
  Grinder (Sewer)
  Edmund (D:4)
  A water moccasin (D:5)
  2 orc warriors
  A black bear (D:6)
  3 ogres
  A necrophage (D:5)
  A big kobold (Sewer)
  2 bullfrogs
  A scorpion (D:6)
  3 wights (D:7)
  2 bullfrog zombies
  3 quasits
  3 orc priests
  3 centaur skeletons
  3 hounds
  2 jellies
  8 orc wizards
  2 iguanas
  6 worker ants
  2 big kobold zombies (Sewer)
  A worker ant zombie (D:5)
  5 gnolls
  A howler monkey skeleton (D:4)
  A river rat (D:4)
  5 adders
  2 shadow imps (Sewer)
  3 ufetubi (Sewer)
  3 oozes (Sewer)
  An adder skeleton (D:7)
  An adder zombie (Sewer)
  7 worms
  2 dart slugs
  4 leopard geckos
  19 orcs
  5 giant cockroaches
  11 goblins
  5 hobgoblins (D:1)
  10 jackals
  27 kobolds
  2 quokkas
  2 ball pythons
  10 bats
  6 frilled lizards
  A leopard gecko skeleton (D:4)
  A quokka zombie (D:7)
  14 rats
200 creatures vanquished.

Vanquished Creatures (others)
  6 plants (D:3)
6 creatures vanquished.

Grand Total: 206 creatures vanquished

Notes
Turn   | Place    | Note
-------+----------+-------------------------------------------
     0 | D:1      | KristoblXynda the Draconian Skald began the quest for the
                  | Orb.
     0 | D:1      | Reached XP level 1. HP: 17/17 MP: 3/3
   228 | D:1      | Reached XP level 2. HP: 16/24 MP: 5/5
   832 | D:1      | Reached XP level 3. HP: 11/29 MP: 6/6
  1402 | D:2      | Reached skill level 3 in Long Blades
  1888 | D:3      | Reached XP level 4. HP: 21/36 MP: 7/7
  2145 | D:3      | Found a transporter.
  2239 | D:3      | Noticed akello96's ghost (weakling TrMo)
  2285 | D:3      | Found a transporter.
  2538 | D:3      | Reached skill level 4 in Long Blades
  2538 | D:3      | Reached XP level 5. HP: 41/41 MP: 8/8
  2787 | D:2      | Learned a level 3 spell: Regeneration
  3138 | D:4      | Reached XP level 6. HP: 9/48 MP: 5/9
  3336 | D:4      | Reached skill level 5 in Long Blades
  3385 | D:4      | Noticed Edmund
  3404 | D:4      | Killed Edmund
  3408 | D:4      | Your scales start taking on a fiery red colour.
  3408 | D:4      | Reached XP level 7. HP: 30/55 MP: 10/10
  3408 | D:4      | Gained mutation: Your flesh is heat resistant. (rF+) [Red
                  | Draconian growth]
  3417 | D:4      | Learned a level 3 spell: Spectral Weapon
  3584 | D:4      | Found a glowing drain.
  3603 | Sewer    | Entered a sewer
  3794 | Sewer    | Reached skill level 6 in Long Blades
  3797 | Sewer    | Found a burning altar of Makhleb.
  3984 | Sewer    | Noticed Grinder
  4005 | Sewer    | Killed Grinder
  4080 | Sewer    | Reached skill level 5 in Charms
  4080 | Sewer    | Reached XP level 8. HP: 47/61 MP: 11/11
  4389 | D:4      | Found a deep blue altar of Sif Muna.
  4624 | D:4      | Noticed a moth of wrath
  4627 | D:4      | Found a bloodstained altar of Trog.
  4726 | D:5      | Entered Level 5 of the Dungeon
  4798 | D:5      | Reached skill level 7 in Long Blades
  4801 | D:5      | Reached skill level 1 in Shields
  5136 | D:5      | Found a sparkling altar of Nemelex Xobeh.
  5197 | D:5      | Reached skill level 5 in Dodging
  5813 | D:6      | Reached skill level 8 in Long Blades
  6044 | D:6      | Found Oseumuph's Magic Scroll Shop.
  6143 | D:6      | Found a staircase to the Ecumenical Temple.
  6190 | Temple   | Entered the Ecumenical Temple
  6208 | Temple   | Became a worshipper of Ashenzari the Shackled
  6875 | D:6      | Reached XP level 9. HP: 64/67 MP: 12/12
  7514 | D:7      | Reached skill level 9 in Long Blades
  7681 | D:7      | Found an opulent altar of Gozag.
  7793 | D:7      | Found an iron altar of Okawaru.
  7830 | D:7      | HP: 3/67 [orc warrior/+0 short sword (17)]
  7836 | D:7      | HP: 3/67 [something/magic dart (4)]
  7837 | D:7      | Killed from afar by an orc wizard

Levels and vault maps discovered:
D:1:      tarquinn_simple_flora_water_e, layout_loops_corners,
          minmay_pentomino_v4
D:2:      layout_basic
D:3:      layout_rooms, gammafunk_ghost_gnarly_gnolls
D:4:      layout_basic, tgw_trog, lemuel_doored_altar, portal_sewer_entry_a,
          uniq_edmund
D:5:      layout_basic, nemelex_altar_shiori, first_ration, hex_medium
D:6:      layout_cave_pods, minmay_temple_entry_trees, serial_shops,
          nicolae_shop_trees, grunt_ministairs_9
D:7:      layout_loops_ring, yredelemnul_forgotten_temple_becter,
          grunt_gozag_statues, serial_shops, nicolae_shop_crystal,
          okawaru_gym_becter
Temple:   chequers_temple_sunken

Skill      XL: |  1  2  3  4  5  6  7  8  9 |
---------------+----------------------------+-----
Charms         | 3 4 5 |  5.0
Long Blades    | 3 4 5 6 8 9 |  9.3
Dodging        | 3 4 5 6 |  6.2
Shields        | 3 4 |  4.1
Fighting       | |  2.1
Spellcasting   | |  2.0

Action                   |  1- 3 |  4- 6 |  7- 9 || total
-------------------------+-------+-------+-------++-------
Melee: Falchion          |    98 |       |    65 ||   163
       Tailslap          |    12 |    19 |    50 ||    81
       Dagger            |    63 |   179 |    48 ||   290
       Flail             |       |       |    40 ||    40
       Whip              |       |       |     5 ||     5
       Long sword        |       |       |   130 ||   130
       Scimitar          |       |       |   110 ||   110
 Cast: Regeneration      |       |     2 |     2 ||     4
Invok: Curse Item        |       |       |     1 ||     1
 Abil: Breathe Fire      |       |       |    13 ||    13
Evoke: Wand              |       |     4 |     2 ||     6
  Use: Scroll            |       |     9 |     9 ||    18
       Potion            |       |     2 |     3 ||     5
 Stab: Sleeping          |       |       |     1 ||     1
  Eat: Chunk             |     3 |     6 |     8 ||    17
       Ration            |       |       |     3 ||     3
Armor: Skin              |    63 |    38 |   155 ||   256
Dodge: Dodged            |   145 |   155 |   449 ||   749
Block: Buckler           |       |       |    37 ||    37
       Rpst.: Falchion   |    23 |       |    16 ||    39
       Long sword        |       |       |    41 ||    41
       Scimitar          |       |       |    27 ||    27

Table legend:
 A = Non-vault XP
 B = Vault XP
 C = Vault XP percentage of total XP
 D = Non-vault monster count
 E = Vault monster count
 F = Vault count percentage of total count
                 A         B        C        D         E       F
            +---------+---------+-------+---------+---------+-------
      Total |    2933 |     898 |  23.4 |     153 |      47 |  23.5
            +---------+---------+-------+---------+---------+-------
        D:1 |      39 |       5 |  11.4 |      21 |       3 |  12.5
        D:2 |      36 |       0 |   0.0 |      22 |       0 |   0.0
        D:3 |     295 |       0 |   0.0 |      32 |       0 |   0.0
        D:4 |     352 |     186 |  34.6 |      24 |       8 |  25.0
        D:5 |     604 |       0 |   0.0 |       9 |       0 |   0.0
        D:6 |     872 |      90 |   9.4 |      27 |       1 |   3.6
        D:7 |     735 |       0 |   0.0 |      18 |       0 |   0.0
      Sewer |       0 |     617 | 100.0 |       0 |      35 | 100.0
            +---------+---------+-------+---------+---------+-------
